cohdb
Replays
Latest Replays
All Replays
Popular Replays
Top Player Replays
Match Explorer
How It Works
Community
CoH3 Stats
Reddit
Sign in to upload your games and track your stats! →
Sign in with Steam
Match 45209195
Unlisted
Match 45209195
Overview
Messages
Build Orders
End
Construct Weapon Support Center
Engineer Squad
M1919 Machine Gun Team
M1919 Machine Gun Team
Construct Barracks
Riflemen Squad
Selects Heavy Weapons
Selects M2HB .50cal Heavy Machine Gun
Infantry Support Center
Riflemen Squad
Construct Motor Pool
M1 Anti-tank Gun Team
Selects Gallant Stand
M8 Greyhound Armored Car
Selects Assault Carriers
Gallant Stand
M1919 Machine Gun Team
M1918 Browning Automatic Rifles
M8 Greyhound Armored Car
M1 Anti-tank Gun Team
Selects Halftrack Strongpoints
M3 Assault Carrier
Grenade Package
Advanced Logistics
Survival Training
M1 Anti-tank Gun Team
R19
quangdung.tr0809
Karta
Scherzando
Nostalgia
NightGoDt
0
0
Comments
sign in to comment!
No comments posted yet!